Connexion

WASHINGTON Capitals vs CAROLINA Hurricanes

Created - 24 août 2023 at 05:51

Goals
1 2 3 T
WASHINGTON Capitals 0 0 0 0
CAROLINA Hurricanes 2 0 0 2
Shots
1 2 3 T
WASHINGTON Capitals 5 9 11 25
CAROLINA Hurricanes 8 12 4 24

GoalsPenalties
1st period
1. CAROLINA Hurricanes , Brandon Sutter 3 (Pontus Aberg 6, Owen Power 5) at 6:28 (PP)
2. CAROLINA Hurricanes , Blake Wheeler 4 (James van Riemsdyk 2, Cam York 3) at 17:55
Aleksander Barkov (WAS) for Elbowing (Minor) at 4:33
Tyler Motte (CAR) for Tripping (Minor) at 7:44
Slater Koekkoek (WAS) for Elbowing (Minor) at 12:26
2nd period
No Goal
Sean Walker (WAS) for Roughing (Minor) at 11:47
Brett Pesce (CAR) for Slashing (Minor) at 17:05
3rd period
No Goal
Ryan Ellis (CAR) for High sticking (Minor) at 11:24
Goalie Stats
Jordan Binnington (WAS), 22 saves from 24 shots - (0,917), L, 6-1-1, 60:00 minutes
Ilya Samsonov (CAR), 25 saves from 25 shots - (1,000), W, 5-2-0, 60:00 minutes
3 StarsOfficial
1 - Ilya Samsonov (CAR)
2 - Blake Wheeler (CAR)
3 - Cam York (CAR)
Referees : Mike Hasenfratz and Tim Peel
Linesman : Derek Nansen and Mark Shewchyk
Game Note
No Game Note
Finance
Level 1 -- Attendance: 5616 (93,60%) -- Ticket Income 673 920 $
Level 2 -- Attendance: 5680 (100,00%) -- Ticket Income 380 560 $
Level 3 -- Attendance: 1931 (96,55%) -- Ticket Income 86 895 $
Level 4 -- Attendance: 3007 (75,18%) -- Ticket Income 120 280 $
Luxury Box -- Attendance: 1000 (100,00%) -- Ticket Income 210 000 $
Game was played at the RBC Center.
Total Attendance: 17234 (92,26%)
Total Ticket Income: 1 471 655 $
Other Income: 294 331 $
Total Income: 1 765 986 $



Team Name Goals Shots Shots Attemp Shots Blocked PIM HIT PP PK FO%
WASHINGTON Capitals 0255296230 / 3 (0%)142%
CAROLINA Hurricanes 22454106191 / 3 (33%)058%

WASHINGTON Capitals
Player Name POS G A P +/- PIM HIT SHT SB MP PP MP PP SHT PK MP PK SHT FO% FOT
Aleksander BarkovC000-1232121:342:5100:00055% 20
Alex KillornC/LW/RW0000022115:201:4703:3000% 0
Andreas JohnssonLW/RW0000002010:290:2600:00067% 3
Brandon HagelLW000-1013020:511:3100:3600% 1
Denis GurianovLW/RW0000020116:312:4000:0000% 2
Dryden HuntC/LW000000105:320:0000:000100% 4
Frederick GaudreauC/RW0000033020:122:4003:41033% 30
Givani SmithRW000000005:580:2600:0000% 1
Haydn FleuryD0000041224:281:5602:5200% 0
Jared McCannC/LW0000000018:202:3901:5000% 1
Joel HanleyD000-1014020:173:3523:0100% 0
Joel KivirantaLW000000105:510:0000:1900% 0
Mikey EyssimontC/LW0000000011:530:0001:50040% 15
Nick JensenD000-1010119:042:2203:0100% 0
Nikita KucherovRW000-1015021:352:5130:0000% 1
Sean WalkerD0000230016:351:4700:0000% 0
Shea TheodoreD0000001224:462:1402:5200% 0
Slater KoekkoekD0000220114:480:0000:0000% 0
CAROLINA Hurricanes
Player Name POS G A P +/- PIM HIT SHT SB MP PP MP PP SHT PK MP PK SHT FO% FOT
Alexandre TexierC/LW000000003:040:0000:0000% 1
Blake LizotteC000000000:100:0000:1000% 0
Blake WheelerLW/RW1011014016:250:0001:2800% 0
Brandon SutterC/RW1010007016:592:3410:00033% 3
Brett PesceD0000231225:163:0912:4500% 0
Cam YorkD0111011415:310:0001:5200% 0
Connor DewarC000000003:040:0000:00033% 3
Curtis LazarC/LW/RW0001011014:570:0000:00047% 17
Esa LindellD0000001120:332:4402:4100% 0
Jack HughesC0000003025:253:1903:18052% 31
James van RiemsdykLW/RW0111000115:110:0000:1400% 0
KAndre MillerD0001000113:390:0000:0000% 0
Marcus JohanssonC/LW/RW0000001022:193:1903:160100% 2
Owen PowerD0110011019:432:4401:5100% 0
Pontus AbergLW/RW0110002016:592:3410:0000% 0
Ryan EllisD0000232125:163:0902:4500% 0
Tyler MotteC/LW/RW0000230018:112:3401:13081% 16
Wayne SimmondsLW/RW0000060021:183:1902:15080% 5



Play-by-Play

1st period


0:01 of 1st period - Marcus Johansson wins face-off versus Aleksander Barkov in neutral zone.
0:19 of 1st period - Shot by Marcus Johansson.
0:19 of 1st period - Shot Misses the Net.
0:21 of 1st period - Shot by Marcus Johansson.
0:21 of 1st period - Shot Misses the Net.
0:29 of 1st period - Shot by Marcus Johansson.
0:29 of 1st period - Shot Misses the Net.
1:26 of 1st period - Icing by Pontus Aberg.
1:27 of 1st period - Tyler Motte wins face-off versus Frederick Gaudreau in CAROLINA Hurricanes zone.
1:42 of 1st period - Shot by Pontus Aberg.
1:42 of 1st period - Stopped by Jordan Binnington without a rebound.
1:43 of 1st period - Curtis Lazar wins face-off versus Mikey Eyssimont in WASHINGTON Capitals zone.
1:52 of 1st period - Shot by Curtis Lazar.
1:52 of 1st period - Shot Blocked by Slater Koekkoek.
1:55 of 1st period - Icing by Sean Walker.
1:56 of 1st period - Connor Dewar wins face-off versus Mikey Eyssimont in WASHINGTON Capitals zone.
2:09 of 1st period - Shot by Jack Hughes.
2:09 of 1st period - Stopped by Jordan Binnington without a rebound.
2:10 of 1st period - Curtis Lazar wins face-off versus Frederick Gaudreau in WASHINGTON Capitals zone.
2:10 of 1st period - James van Riemsdyk is hit by Joel Hanley and loses puck.
2:32 of 1st period - Shot by Joel Hanley.
2:32 of 1st period - Stopped by Ilya Samsonov without a rebound.
2:33 of 1st period - Jack Hughes wins face-off versus Givani Smith in CAROLINA Hurricanes zone.
3:09 of 1st period - Slater Koekkoek is hit by Ryan Ellis and loses puck.
3:27 of 1st period - Givani Smith is hit by Tyler Motte and loses puck.
3:32 of 1st period - Shot by Brandon Sutter.
3:32 of 1st period - Shot Misses the Net.
3:34 of 1st period - Shot by Owen Power.
3:34 of 1st period - Stopped by Jordan Binnington without a rebound.
3:35 of 1st period - Curtis Lazar wins face-off versus Frederick Gaudreau in WASHINGTON Capitals zone.
3:50 of 1st period - Shot by Frederick Gaudreau.
3:50 of 1st period - Shot Blocked by James van Riemsdyk.
3:52 of 1st period - Shot by Haydn Fleury.
3:52 of 1st period - Stopped by Ilya Samsonov without a rebound.
3:53 of 1st period - Tyler Motte wins face-off versus Mikey Eyssimont in CAROLINA Hurricanes zone.
4:25 of 1st period - Icing by Tyler Motte.
4:26 of 1st period - Tyler Motte wins face-off versus Brandon Hagel in CAROLINA Hurricanes zone.
4:26 of 1st period - Tyler Motte is hit by Brandon Hagel.
4:33 of 1st period - Minor Penalty to Aleksander Barkov for Elbowing.
4:34 of 1st period - Jack Hughes wins face-off versus Frederick Gaudreau in WASHINGTON Capitals zone.
4:39 of 1st period - Shot by Wayne Simmonds.
4:39 of 1st period - Shot Misses the Net.
4:41 of 1st period - Shot by Brett Pesce.
4:41 of 1st period - Stopped by Jordan Binnington without a rebound.
4:42 of 1st period - Frederick Gaudreau wins face-off versus Jack Hughes in WASHINGTON Capitals zone.
4:48 of 1st period - Icing by Ryan Ellis.
4:49 of 1st period - Frederick Gaudreau wins face-off versus Jack Hughes in CAROLINA Hurricanes zone.
4:54 of 1st period - Shot by Alex Killorn.
4:54 of 1st period - Shot Misses the Net.
5:06 of 1st period - Icing by Ryan Ellis.
5:07 of 1st period - Frederick Gaudreau wins face-off versus Wayne Simmonds in CAROLINA Hurricanes zone.
6:02 of 1st period - Shot by Pontus Aberg.
6:02 of 1st period - Stopped by Jordan Binnington without a rebound.
6:03 of 1st period - Brandon Sutter wins face-off versus Frederick Gaudreau in WASHINGTON Capitals zone.
6:26 of 1st period - Shot by Pontus Aberg.
6:26 of 1st period - Shot Misses the Net.
6:28 of 1st period - Shot by Brandon Sutter.
6:28 of 1st period - Goal by Brandon Sutter - WASHINGTON Capitals : 0 - CAROLINA Hurricanes : 1.
6:29 of 1st period - Aleksander Barkov wins face-off versus Curtis Lazar in neutral zone.
6:34 of 1st period - Shot by Brandon Hagel.
6:34 of 1st period - Shot Blocked by KAndre Miller.
6:36 of 1st period - Shot by Aleksander Barkov.
6:36 of 1st period - Shot Blocked by Cam York.
6:38 of 1st period - Shot by Nikita Kucherov.
6:38 of 1st period - Shot Blocked by Cam York.
6:40 of 1st period - Shot by Haydn Fleury.
6:40 of 1st period - Shot Misses the Net.
6:42 of 1st period - Shot by Shea Theodore.
6:42 of 1st period - Stopped by Ilya Samsonov without a rebound.
6:43 of 1st period - Wayne Simmonds wins face-off versus Frederick Gaudreau in CAROLINA Hurricanes zone.
6:43 of 1st period - Wayne Simmonds is hit by Denis Gurianov.
7:20 of 1st period - Icing by Slater Koekkoek.
7:21 of 1st period - Tyler Motte wins face-off versus Frederick Gaudreau in WASHINGTON Capitals zone.
7:21 of 1st period - Tyler Motte is hit by Slater Koekkoek.
7:44 of 1st period - Minor Penalty to Tyler Motte for Tripping.
7:45 of 1st period - Aleksander Barkov wins face-off versus Jack Hughes in CAROLINA Hurricanes zone.
7:48 of 1st period - Shot by Shea Theodore.
7:48 of 1st period - Shot Hit the Post.
7:50 of 1st period - Shot by Shea Theodore.
7:50 of 1st period - Shot Misses the Net.
7:56 of 1st period - Shot by Nikita Kucherov.
7:56 of 1st period - Stopped by Ilya Samsonov without a rebound.
7:57 of 1st period - Frederick Gaudreau wins face-off versus Jack Hughes in CAROLINA Hurricanes zone.
8:50 of 1st period - Icing by Nick Jensen.
8:51 of 1st period - Wayne Simmonds wins face-off versus Aleksander Barkov in WASHINGTON Capitals zone.
10:17 of 1st period - Mikey Eyssimont is hit by Tyler Motte and loses puck.
10:28 of 1st period - Shot by Brandon Sutter.
10:28 of 1st period - Shot Misses the Net.
10:39 of 1st period - Icing by Slater Koekkoek.
10:40 of 1st period - Mikey Eyssimont wins face-off versus Alexandre Texier in WASHINGTON Capitals zone.
12:09 of 1st period - Icing by Brett Pesce.
12:10 of 1st period - Dryden Hunt wins face-off versus Curtis Lazar in CAROLINA Hurricanes zone.
12:25 of 1st period - James van Riemsdyk is hit by Sean Walker and loses puck.
12:26 of 1st period - Minor Penalty to Slater Koekkoek for Elbowing.
12:27 of 1st period - Frederick Gaudreau wins face-off versus Jack Hughes in WASHINGTON Capitals zone.
12:45 of 1st period - Owen Power is hit by Alex Killorn and loses puck.
12:56 of 1st period - Shot by Owen Power.
12:56 of 1st period - Shot Misses the Net.
12:58 of 1st period - Shot by Wayne Simmonds.
12:58 of 1st period - Shot Blocked by Alex Killorn.
13:36 of 1st period - Shot by Tyler Motte.
13:36 of 1st period - Shot Misses the Net.
13:58 of 1st period - Icing by Ryan Ellis.
13:59 of 1st period - Tyler Motte wins face-off versus Frederick Gaudreau in CAROLINA Hurricanes zone.
15:03 of 1st period - Shot by Aleksander Barkov.
15:03 of 1st period - Stopped by Ilya Samsonov with a rebound.
15:39 of 1st period - Shot by Alexandre Texier.
15:39 of 1st period - Shot Misses the Net.
15:48 of 1st period - Dryden Hunt is hit by Owen Power and loses puck.
17:33 of 1st period - Shot by Brandon Sutter.
17:33 of 1st period - Stopped by Jordan Binnington without a rebound.
17:34 of 1st period - Aleksander Barkov wins face-off versus Curtis Lazar in WASHINGTON Capitals zone.
17:41 of 1st period - Shot by Brandon Hagel.
17:41 of 1st period - Shot Misses the Net.
17:55 of 1st period - Shot by James van Riemsdyk.
17:55 of 1st period - Deflect By Blake Wheeler.
17:55 of 1st period - Goal by Blake Wheeler - WASHINGTON Capitals : 0 - CAROLINA Hurricanes : 2.
17:56 of 1st period - Tyler Motte wins face-off versus Denis Gurianov in neutral zone.
18:08 of 1st period - Off-side.
18:09 of 1st period - Aleksander Barkov wins face-off versus Curtis Lazar in neutral zone.
19:31 of 1st period - Shot by Jared McCann.
19:31 of 1st period - Shot Hit the Post.
Goals for this period are 0 for WASHINGTON Capitals vs 2 for CAROLINA Hurricanes .
Shots for this period are 5 for WASHINGTON Capitals vs 8 for CAROLINA Hurricanes .

2nd period


0:01 of 2nd period - Aleksander Barkov wins face-off versus Jack Hughes in neutral zone.
0:23 of 2nd period - Icing by Marcus Johansson.
0:24 of 2nd period - Jack Hughes wins face-off versus Frederick Gaudreau in CAROLINA Hurricanes zone.
0:43 of 2nd period - Shot by Marcus Johansson.
0:43 of 2nd period - Stopped by Jordan Binnington without a rebound.
0:44 of 2nd period - Aleksander Barkov wins face-off versus Tyler Motte in WASHINGTON Capitals zone.
0:49 of 2nd period - Esa Lindell is hit by Aleksander Barkov and loses puck.
1:07 of 2nd period - Icing by Esa Lindell.
1:08 of 2nd period - Tyler Motte wins face-off versus Frederick Gaudreau in CAROLINA Hurricanes zone.
1:08 of 2nd period - Tyler Motte is hit by Frederick Gaudreau.
1:18 of 2nd period - Shot by Tyler Motte.
1:18 of 2nd period - Shot Misses the Net.
1:20 of 2nd period - Shot by Esa Lindell.
1:20 of 2nd period - Shot Blocked by Nick Jensen.
1:22 of 2nd period - Shot by Esa Lindell.
1:22 of 2nd period - Stopped by Jordan Binnington without a rebound.
1:23 of 2nd period - Jack Hughes wins face-off versus Aleksander Barkov in WASHINGTON Capitals zone.
1:55 of 2nd period - Jack Hughes is hit by Haydn Fleury and loses puck.
2:27 of 2nd period - Tyler Motte is hit by Haydn Fleury and loses puck.
2:43 of 2nd period - Brandon Sutter is hit by Haydn Fleury and loses puck.
3:29 of 2nd period - Shot by Cam York.
3:29 of 2nd period - Shot Blocked by Shea Theodore.
3:43 of 2nd period - Shot by KAndre Miller.
3:43 of 2nd period - Shot Blocked by Aleksander Barkov.
3:45 of 2nd period - Shot by Blake Wheeler.
3:45 of 2nd period - Shot Misses the Net.
3:47 of 2nd period - Shot by Cam York.
3:47 of 2nd period - Stopped by Jordan Binnington without a rebound.
3:48 of 2nd period - Jack Hughes wins face-off versus Jared McCann in WASHINGTON Capitals zone.
4:05 of 2nd period - Wayne Simmonds is hit by Nick Jensen and loses puck.
4:32 of 2nd period - Nick Jensen is hit by Brett Pesce and loses puck.
4:59 of 2nd period - Shot by Brandon Sutter.
4:59 of 2nd period - Stopped by Jordan Binnington without a rebound.
5:00 of 2nd period - Dryden Hunt wins face-off versus Curtis Lazar in WASHINGTON Capitals zone.
6:22 of 2nd period - Off-side.
6:23 of 2nd period - Jack Hughes wins face-off versus Frederick Gaudreau in neutral zone.
6:23 of 2nd period - Jack Hughes is hit by Denis Gurianov.
6:27 of 2nd period - Shot by Jack Hughes.
6:27 of 2nd period - Stopped by Jordan Binnington without a rebound.
6:28 of 2nd period - Jack Hughes wins face-off versus Frederick Gaudreau in WASHINGTON Capitals zone.
6:41 of 2nd period - Denis Gurianov is hit by Wayne Simmonds and loses puck.
6:50 of 2nd period - Shot by Frederick Gaudreau.
6:50 of 2nd period - Stopped by Ilya Samsonov without a rebound.
6:51 of 2nd period - Tyler Motte wins face-off versus Mikey Eyssimont in CAROLINA Hurricanes zone.
6:56 of 2nd period - Shot by Brandon Sutter.
6:56 of 2nd period - Stopped by Jordan Binnington without a rebound.
6:57 of 2nd period - Jack Hughes wins face-off versus Nikita Kucherov in WASHINGTON Capitals zone.
7:30 of 2nd period - Off-side.
7:31 of 2nd period - Tyler Motte wins face-off versus Frederick Gaudreau in neutral zone.
8:07 of 2nd period - Shot by Brandon Sutter.
8:07 of 2nd period - Stopped by Jordan Binnington without a rebound.
8:08 of 2nd period - Aleksander Barkov wins face-off versus Jack Hughes in WASHINGTON Capitals zone.
8:38 of 2nd period - Nikita Kucherov is hit by Ryan Ellis and loses puck.
8:41 of 2nd period - Shot by Brandon Hagel.
8:41 of 2nd period - Stopped by Ilya Samsonov without a rebound.
8:42 of 2nd period - Curtis Lazar wins face-off versus Mikey Eyssimont in CAROLINA Hurricanes zone.
8:42 of 2nd period - Curtis Lazar is hit by Alex Killorn.
8:48 of 2nd period - Shot by Blake Wheeler.
8:48 of 2nd period - Stopped by Jordan Binnington without a rebound.
8:49 of 2nd period - Tyler Motte wins face-off versus Frederick Gaudreau in WASHINGTON Capitals zone.
8:54 of 2nd period - Shot by Brandon Sutter.
8:54 of 2nd period - Shot Blocked by Denis Gurianov.
8:56 of 2nd period - Shot by Brandon Sutter.
8:56 of 2nd period - Stopped by Jordan Binnington with a rebound.
8:58 of 2nd period - Shot by Owen Power.
8:58 of 2nd period - Shot Blocked by Shea Theodore.
9:30 of 2nd period - Brandon Sutter is hit by Frederick Gaudreau and loses puck.
10:37 of 2nd period - Shot by James van Riemsdyk.
10:37 of 2nd period - Deflect By Curtis Lazar.
10:37 of 2nd period - Stopped by Jordan Binnington without a rebound.
10:38 of 2nd period - Mikey Eyssimont wins face-off versus Curtis Lazar in WASHINGTON Capitals zone.
10:38 of 2nd period - Mikey Eyssimont is hit by Curtis Lazar.
10:45 of 2nd period - Off-side.
10:46 of 2nd period - Curtis Lazar wins face-off versus Mikey Eyssimont in neutral zone.
11:35 of 2nd period - Icing by Slater Koekkoek.
11:36 of 2nd period - Jack Hughes wins face-off versus Mikey Eyssimont in WASHINGTON Capitals zone.
11:36 of 2nd period - Jack Hughes is hit by Slater Koekkoek.
11:47 of 2nd period - Minor Penalty to Sean Walker for Roughing.
11:48 of 2nd period - Frederick Gaudreau wins face-off versus Brandon Sutter in WASHINGTON Capitals zone.
12:46 of 2nd period - Shea Theodore is hit by Wayne Simmonds and loses puck.
13:20 of 2nd period - Icing by Wayne Simmonds.
13:21 of 2nd period - Mikey Eyssimont wins face-off versus Jack Hughes in CAROLINA Hurricanes zone.
13:30 of 2nd period - Joel Hanley is hit by Wayne Simmonds and loses puck.
13:53 of 2nd period - Shot by Blake Wheeler.
13:53 of 2nd period - Stopped by Jordan Binnington without a rebound.
13:54 of 2nd period - Dryden Hunt wins face-off versus Curtis Lazar in WASHINGTON Capitals zone.
13:54 of 2nd period - Dryden Hunt is hit by Blake Wheeler.
14:18 of 2nd period - Shot by Dryden Hunt.
14:18 of 2nd period - Deflect By Joel Kiviranta.
14:18 of 2nd period - Stopped by Ilya Samsonov without a rebound.
14:19 of 2nd period - Aleksander Barkov wins face-off versus Tyler Motte in CAROLINA Hurricanes zone.
14:32 of 2nd period - Pontus Aberg is hit by Nikita Kucherov and loses puck.
14:55 of 2nd period - Shot by Brandon Hagel.
14:55 of 2nd period - Stopped by Ilya Samsonov without a rebound.
14:56 of 2nd period - Jack Hughes wins face-off versus Frederick Gaudreau in CAROLINA Hurricanes zone.
15:18 of 2nd period - Shot by Jared McCann.
15:18 of 2nd period - Shot Misses the Net.
15:26 of 2nd period - Shot by Nick Jensen.
15:26 of 2nd period - Shot Misses the Net.
15:28 of 2nd period - Shot by Frederick Gaudreau.
15:28 of 2nd period - Stopped by Ilya Samsonov without a rebound.
15:29 of 2nd period - Curtis Lazar wins face-off versus Mikey Eyssimont in CAROLINA Hurricanes zone.
15:41 of 2nd period - Andreas Johnsson is hit by Brett Pesce and loses puck.
15:45 of 2nd period - Icing by Brett Pesce.
15:46 of 2nd period - Curtis Lazar wins face-off versus Aleksander Barkov in CAROLINA Hurricanes zone.
16:01 of 2nd period - Shot by Blake Wheeler.
16:01 of 2nd period - Shot Misses the Net.
16:03 of 2nd period - Shot by Ryan Ellis.
16:03 of 2nd period - Stopped by Jordan Binnington without a rebound.
16:04 of 2nd period - Jack Hughes wins face-off versus Frederick Gaudreau in WASHINGTON Capitals zone.
16:43 of 2nd period - Frederick Gaudreau is hit by Wayne Simmonds and loses puck.
17:05 of 2nd period - Minor Penalty to Brett Pesce for Slashing.
17:06 of 2nd period - Jack Hughes wins face-off versus Aleksander Barkov in CAROLINA Hurricanes zone.
17:15 of 2nd period - Shot by Joel Hanley.
17:15 of 2nd period - Shot Blocked by Ryan Ellis.
17:25 of 2nd period - Shot by Nikita Kucherov.
17:25 of 2nd period - Shot Misses the Net.
17:27 of 2nd period - Shot by Nikita Kucherov.
17:27 of 2nd period - Shot Misses the Net.
17:29 of 2nd period - Shot by Sean Walker.
17:29 of 2nd period - Shot Misses the Net.
17:31 of 2nd period - Shot by Nikita Kucherov.
17:31 of 2nd period - Shot Misses the Net.
17:33 of 2nd period - Shot by Joel Hanley.
17:33 of 2nd period - Shot Blocked by Cam York.
17:37 of 2nd period - Shot by Nikita Kucherov.
17:37 of 2nd period - Stopped by Ilya Samsonov with a rebound.
17:43 of 2nd period - Shot by Joel Hanley.
17:43 of 2nd period - Stopped by Ilya Samsonov without a rebound.
17:44 of 2nd period - Wayne Simmonds wins face-off versus Frederick Gaudreau in CAROLINA Hurricanes zone.
18:35 of 2nd period - Shot by Joel Hanley.
18:35 of 2nd period - Stopped by Ilya Samsonov without a rebound.
18:36 of 2nd period - Wayne Simmonds wins face-off versus Aleksander Barkov in CAROLINA Hurricanes zone.
18:36 of 2nd period - Wayne Simmonds is hit by Aleksander Barkov.
19:36 of 2nd period - Shot by Andreas Johnsson.
19:36 of 2nd period - Stopped by Ilya Samsonov with a rebound.
19:40 of 2nd period - Shot by Mikey Eyssimont.
19:40 of 2nd period - Shot Misses the Net.
Goals for this period are 0 for WASHINGTON Capitals vs 0 for CAROLINA Hurricanes .
Shots for this period are 9 for WASHINGTON Capitals vs 12 for CAROLINA Hurricanes .

3rd period


0:01 of 3rd period - Jack Hughes wins face-off versus Aleksander Barkov in neutral zone.
0:07 of 3rd period - Shot by Ryan Ellis.
0:07 of 3rd period - Stopped by Jordan Binnington without a rebound.
0:08 of 3rd period - Jack Hughes wins face-off versus Aleksander Barkov in WASHINGTON Capitals zone.
0:39 of 3rd period - Shot by Jack Hughes.
0:39 of 3rd period - Shot Misses the Net.
0:44 of 3rd period - Icing by Shea Theodore.
0:45 of 3rd period - Aleksander Barkov wins face-off versus Tyler Motte in WASHINGTON Capitals zone.
0:53 of 3rd period - Icing by Shea Theodore.
0:54 of 3rd period - Aleksander Barkov wins face-off versus Brandon Sutter in WASHINGTON Capitals zone.
1:01 of 3rd period - Shot by Nikita Kucherov.
1:01 of 3rd period - Stopped by Ilya Samsonov without a rebound.
1:02 of 3rd period - Frederick Gaudreau wins face-off versus Jack Hughes in CAROLINA Hurricanes zone.
1:11 of 3rd period - Shot by Marcus Johansson.
1:11 of 3rd period - Shot Misses the Net.
1:31 of 3rd period - Jared McCann is hit by Wayne Simmonds and loses puck.
2:07 of 3rd period - Shot by Brandon Sutter.
2:07 of 3rd period - Stopped by Jordan Binnington without a rebound.
2:08 of 3rd period - Aleksander Barkov wins face-off versus Curtis Lazar in WASHINGTON Capitals zone.
2:29 of 3rd period - Shot by Cam York.
2:29 of 3rd period - Shot Blocked by Haydn Fleury.
2:40 of 3rd period - Blake Wheeler is hit by Haydn Fleury and loses puck.
2:45 of 3rd period - Shot by James van Riemsdyk.
2:45 of 3rd period - Shot Misses the Net.
2:47 of 3rd period - Shot by Blake Wheeler.
2:47 of 3rd period - Shot Blocked by Haydn Fleury.
3:05 of 3rd period - Shot by Pontus Aberg.
3:05 of 3rd period - Shot Misses the Net.
3:07 of 3rd period - Shot by Tyler Motte.
3:07 of 3rd period - Shot Misses the Net.
3:09 of 3rd period - Shot by Owen Power.
3:09 of 3rd period - Shot Hit the Post.
4:38 of 3rd period - Icing by Sean Walker.
4:39 of 3rd period - Mikey Eyssimont wins face-off versus Curtis Lazar in WASHINGTON Capitals zone.
5:22 of 3rd period - Shot by Denis Gurianov.
5:22 of 3rd period - Shot Blocked by Cam York.
5:24 of 3rd period - Shot by Joel Hanley.
5:24 of 3rd period - Stopped by Ilya Samsonov with a rebound.
5:26 of 3rd period - Shot by Frederick Gaudreau.
5:26 of 3rd period - Stopped by Ilya Samsonov with a rebound.
6:46 of 3rd period - Shot by Nikita Kucherov.
6:46 of 3rd period - Stopped by Ilya Samsonov without a rebound.
6:47 of 3rd period - Frederick Gaudreau wins face-off versus Jack Hughes in CAROLINA Hurricanes zone.
6:58 of 3rd period - Icing by Frederick Gaudreau.
6:59 of 3rd period - Tyler Motte wins face-off versus Frederick Gaudreau in WASHINGTON Capitals zone.
6:59 of 3rd period - Pontus Aberg is hit by Sean Walker and loses puck.
7:26 of 3rd period - Brandon Sutter is hit by Sean Walker and loses puck.
8:18 of 3rd period - Nikita Kucherov is hit by Wayne Simmonds and loses puck.
8:35 of 3rd period - Shot by Nick Jensen.
8:35 of 3rd period - Shot Misses the Net.
8:37 of 3rd period - Shot by Alex Killorn.
8:37 of 3rd period - Stopped by Ilya Samsonov without a rebound.
8:38 of 3rd period - Andreas Johnsson wins face-off versus Connor Dewar in CAROLINA Hurricanes zone.
8:39 of 3rd period - Shot by Alex Killorn.
8:39 of 3rd period - Stopped by Ilya Samsonov without a rebound.
8:40 of 3rd period - Mikey Eyssimont wins face-off versus Connor Dewar in CAROLINA Hurricanes zone.
8:40 of 3rd period - Mikey Eyssimont is hit by Ryan Ellis.
8:50 of 3rd period - Shot by Connor Dewar.
8:50 of 3rd period - Deflect By Jack Hughes.
8:50 of 3rd period - Stopped by Jordan Binnington without a rebound.
8:51 of 3rd period - Frederick Gaudreau wins face-off versus Jack Hughes in WASHINGTON Capitals zone.
9:28 of 3rd period - Icing by Frederick Gaudreau.
9:29 of 3rd period - Curtis Lazar wins face-off versus Frederick Gaudreau in WASHINGTON Capitals zone.
10:00 of 3rd period - Shot by James van Riemsdyk.
10:00 of 3rd period - Shot Misses the Net.
10:06 of 3rd period - Owen Power is hit by Aleksander Barkov and loses puck.
11:22 of 3rd period - Icing by Brett Pesce.
11:23 of 3rd period - Frederick Gaudreau wins face-off versus Jack Hughes in CAROLINA Hurricanes zone.
11:23 of 3rd period - Denis Gurianov is hit by Brett Pesce and loses puck.
11:24 of 3rd period - Minor Penalty to Ryan Ellis for High sticking.
11:25 of 3rd period - Marcus Johansson wins face-off versus Denis Gurianov in CAROLINA Hurricanes zone.
12:06 of 3rd period - Shot by Joel Hanley.
12:06 of 3rd period - Shot Blocked by Brett Pesce.
12:45 of 3rd period - Shot by Nikita Kucherov.
12:45 of 3rd period - Shot Misses the Net.
12:47 of 3rd period - Shot by Jared McCann.
12:47 of 3rd period - Shot Blocked by Esa Lindell.
12:57 of 3rd period - Shot by Aleksander Barkov.
12:57 of 3rd period - Deflect By Nikita Kucherov.
12:57 of 3rd period - Stopped by Ilya Samsonov without a rebound.
12:58 of 3rd period - Jack Hughes wins face-off versus Andreas Johnsson in CAROLINA Hurricanes zone.
13:04 of 3rd period - Icing by Shea Theodore.
13:05 of 3rd period - Andreas Johnsson wins face-off versus Jack Hughes in WASHINGTON Capitals zone.
13:12 of 3rd period - Shot by Jared McCann.
13:12 of 3rd period - Deflect By Andreas Johnsson.
13:12 of 3rd period - Shot Blocked by Brett Pesce.
13:51 of 3rd period - Dryden Hunt is hit by Cam York and loses puck.
14:33 of 3rd period - Shot by Brett Pesce.
14:33 of 3rd period - Shot Misses the Net.
14:35 of 3rd period - Shot by Blake Wheeler.
14:35 of 3rd period - Stopped by Jordan Binnington without a rebound.
14:36 of 3rd period - Jack Hughes wins face-off versus Aleksander Barkov in WASHINGTON Capitals zone.
15:34 of 3rd period - Owen Power is hit by Frederick Gaudreau and loses puck.
15:40 of 3rd period - Off-side.
15:41 of 3rd period - Tyler Motte wins face-off versus Mikey Eyssimont in neutral zone.
15:44 of 3rd period - Andreas Johnsson is hit by Tyler Motte and loses puck.
16:03 of 3rd period - Icing by Pontus Aberg.
16:04 of 3rd period - Tyler Motte wins face-off versus Frederick Gaudreau in CAROLINA Hurricanes zone.
17:57 of 3rd period - Shot by Andreas Johnsson.
17:57 of 3rd period - Stopped by Ilya Samsonov without a rebound.
17:58 of 3rd period - Dryden Hunt wins face-off versus Jack Hughes in CAROLINA Hurricanes zone.
18:05 of 3rd period - Shot by Dryden Hunt.
18:05 of 3rd period - Stopped by Ilya Samsonov without a rebound.
18:06 of 3rd period - Mikey Eyssimont wins face-off versus Jack Hughes in CAROLINA Hurricanes zone.
18:59 of 3rd period - Shot by Aleksander Barkov.
18:59 of 3rd period - Deflect By Nikita Kucherov.
18:59 of 3rd period - Shot Misses the Net.
19:29 of 3rd period - Shot by Nikita Kucherov.
19:29 of 3rd period - Deflect By Brandon Hagel.
19:29 of 3rd period - Stopped by Ilya Samsonov with a rebound.
19:31 of 3rd period - Shot by Aleksander Barkov.
19:31 of 3rd period - Stopped by Ilya Samsonov with a rebound.
19:35 of 3rd period - Shot by Nikita Kucherov.
19:35 of 3rd period - Shot Misses the Net.
Goals for this period are 0 for WASHINGTON Capitals vs 0 for CAROLINA Hurricanes .
Shots for this period are 11 for WASHINGTON Capitals vs 4 for CAROLINA Hurricanes .